 Dungeon Crawl Stone Soup version 0.21.0-3-g78d12a8 (webtiles) character file.

3328 Gaball the Fighter (level 10, -1/115 HPs)
             Began as an Ogre Monk on Jan 11, 2018.
             Was an Elder of Jiyva.
             Succumbed to a black mamba's poison
             ... on level 2 of the Lair of Beasts.
             The game lasted 00:34:44 (14456 turns).

Gaball the Fighter (Ogre Monk)                     Turns: 14456, Time: 00:34:45

Health: -1/115     AC:  7    Str:  5 (8)  XL:     10   Next: 2%
Magic:  19/19      EV: 13    Int:  8 (9)  God:    Jiyva [****..]
Gold:   129        SH:  0    Dex: 23 (25) Spells: 9/9 levels left

rFire    + . .     SeeInvis .   a - +0 mace
rCold    + . .     Gourm    +   (no shield)
rNeg     . . .     Faith    .   b - +0 robe
rPois    +         Spirit   .   (helmet restricted)
rElec    +         Reflect  .   w - +0 cloak
rCorr    +         Harm     .   (gloves unavailable)
MR       +....                  (boots unavailable)
Stlth    ++........             x - amulet of the gourmand
HPRegen  0.29/turn              t - ring of magical power
MPRegen  0.16/turn              (no ring)

@: lethally poisoned (-1 -> -17), resistant, very slightly contaminated,
invisible
A: large, unfitting armour, yellow scales 1, blink, shaggy fur 1, tough skin 1,
acidic bite
a: Blink, Request Jelly, Slimify, Renounce Religion


You were on level 2 of the Lair of Beasts.
You worshipped Jiyva.
Jiyva was greatly pleased with you.
You were not hungry.

You visited 2 branches of the dungeon, and saw 13 of its levels.

You collected 226 gold pieces.
You spent 97 gold pieces at shops.

Inventory:

Hand Weapons
 a - a +0 mace (weapon)
Armour
 b - a +0 robe (worn)
 v - a +0 shield of poison resistance
 w - a +0 cloak (worn)
Jewellery
 q - an uncursed ring of resist corrosion {unknown}
 t - a ring of magical power (left hand)
 x - an amulet of the gourmand (around neck)
Wands
 m - a wand of digging (15)
Scrolls
 d - a scroll of immolation {unknown}
 e - 4 scrolls of remove curse
 f - a scroll of blinking
 g - a scroll of torment {unknown}
 n - 2 scrolls of amnesia {unknown}
 o - 2 scrolls of teleportation {unknown}
 p - 2 scrolls of enchant weapon {unknown}
Potions
 h - a potion of flight
Comestibles
 c - 12 rations


   Skills:
 + Level 11.6 Fighting
 + Level 9.5 Maces & Flails
 + Level 4.8 Dodging
 - Level 1.4 Stealth


You had 9 spell levels left.
You didn't know any spells.

Dungeon Overview and Level Annotations

Branches:
Dungeon (11/15)            Temple (0/1) D:4            Lair (2/6) D:9
  Swamp: Lair:2-4    Shoals: Lair:2-4     Snake: Lair:2-4    Spider: Lair:2-4
    Orc: D:9-12

Altars:
Cheibriados
Fedhas
Gozag
Nemelex Xobeh
Okawaru
Qazlal
Ru
Sif Muna
Trog
Vehumet
Zin
The Shining One
Jiyva

Shops:
D:5 *

Annotations:
D:6 1 exclusion
D:9 exclusion: door
D:11 Sonja


Innate Abilities, Weirdness & Mutations

You are too large for most types of armour.
You have tough skin. (AC +1)
You are partially covered in yellow scales. (AC +2)
You can translocate small distances at will.
You are covered in fur. (AC +1)
You have acidic saliva.


Message History

* * * LOW HITPOINT WARNING * * *
You feel sick. The black mamba bites you.
* * * LOW HITPOINT WARNING * * *
The black mamba bites you but does no damage.
You hit the black mamba.
The black mamba is almost dead.
* * * LOW HITPOINT WARNING * * *
You feel sick.
The black mamba bites you but does no damage.
You closely miss the black mamba.
The black mamba is severely wounded.
* * * LOW HITPOINT WARNING * * *
You feel sick.
The black mamba bites you but does no damage.
You catch the helpless black mamba completely off-guard!
You hit the black mamba but do no damage.
The black mamba is severely wounded.
You feel less wooden.
Your +0 cloak unmelds from your body.
Your +0 robe unmelds from your body.
You die...

#...... ##
## ##.....
#P##$##.....
#.........#
.......Y.#
.......Y.#
........Y#
#.....YS###
##......#@#
##....SS##
##...###
#... ##..
#.. ##. ##


You could see a black mamba (wandering) and a water moccasin.

Vanquished Creatures
  A centaur zombie (D:10)
  Grinder (D:5)
  3 hippogriffs
  A basilisk (D:9)
  3 yaks
  A vampire mosquito (Lair:1)
  The ghost of dscm the Shield-Bearer, an amateur OpFi (D:4)
  An insubstantial wisp (Lair:1)
  A water moccasin (D:11)
  A swamp drake (Lair:1)
  3 ice beasts
  An orc warrior (D:9)
  A centaur (D:10)
  A crocodile (Lair:1)
  2 bullfrogs
  A scorpion (D:9)
  A wight (D:6)
  A howler monkey (D:9)
  A crimson imp (D:7)
  A bullfrog zombie (D:7)
  A quasit (D:9)
  3 orc priests
  A hound (D:9)
  4 orc wizards
  Crazy Yiuf (D:6)
  A bullfrog skeleton (D:10)
  An iguana (D:4)
  2 worker ants
  A hound zombie (D:9)
  9 adders
  A shadow imp (D:6)
  A worm (D:3)
  2 dart slugs
  A leopard gecko (D:7)
  18 orcs
  2 giant cockroaches
  5 goblins
  8 hobgoblins
  7 jackals
  7 kobolds
  4 quokkas
  2 ball pythons
  10 bats
  3 frilled lizards
  A kobold skeleton (D:4)
  2 quokka skeletons
  3 rats
128 creatures vanquished.

Vanquished Creatures (others)
  A two-headed ogre (D:9)
  A spiny frog (Lair:1)
  A slime creature (D:9)
  A wraith (D:10)
  2 yaks (D:9)
  A vampire mosquito (Lair:1)
  An insubstantial wisp (Lair:1)
  2 water moccasins
  A porcupine (Lair:1)
  An orc warrior (D:6)
  2 ice beasts
  A phantom (D:6)
  2 black bears (D:9)
  An ogre (D:9)
  A crocodile (Lair:1)
  3 centaurs
  A bullfrog (D:9)
  3 scorpions
  4 wights (D:6)
  3 howler monkeys
  A crimson imp (D:9)
  A quasit (D:10)
  95 jellies
  A bullfrog skeleton (D:6)
  4 orc priests
  2 hounds
  A centaur skeleton (D:5)
  2 orc wizards
  2 worker ants
  A hound skeleton (D:4)
  A hound zombie (D:9)
  2 worker ant zombies
  3 adders
  A white imp (D:4)
  A worm (D:4)
  3 leopard geckos
  15 orcs
  A bat (D:3)
  A giant cockroach (D:3)
  A goblin (D:3)
  2 jackals (D:4)
  A kobold (D:3)
  2 quokkas
  A ball python (D:5)
  A goblin skeleton (D:4)
  A hobgoblin zombie (D:4)
  A kobold skeleton (D:4)
  A kobold zombie (D:4)
  2 orc skeletons (D:4)
  A rat (D:3)
  6 fungi
  5 plants
196 creatures vanquished.

Grand Total: 324 creatures vanquished

Notes
Turn   | Place    | Note
-------+----------+-------------------------------------------
     0 | D:1      | Gaball the Ogre Monk began the quest for the Orb.
     0 | D:1      | Reached XP level 1. HP: 24/24 MP: 1/1
   117 | D:1      | Reached XP level 2. HP: 16/32 MP: 2/2
   733 | D:2      | Reached XP level 3. HP: 30/39 MP: 3/3
  1128 | D:2      | Reached XP level 4. HP: 34/48 MP: 4/4
  1455 | D:2      | Found a stormy altar of Qazlal.
  1455 | D:2      | Found a blossoming altar of Fedhas.
  1842 | D:3      | Found a faded altar of an unknown god.
  2017 | D:3      | Reached skill level 5 in Maces & Flails
  2017 | D:3      | Reached XP level 5. HP: 47/54 MP: 5/5
  2181 | D:3      | Became a worshipper of Jiyva Jasaf the Shapeless
  2181 | D:3      | Reached * piety under Jiyva
  2181 | D:3      | Reached ** piety under Jiyva
  2241 | D:3      | Reached *** piety under Jiyva
  2337 | D:3      | Gained mutation: You have very sharp teeth. [Jiyva's grace]
  2414 | D:3      | Reached **** piety under Jiyva
  2832 | D:4      | Noticed dscm's ghost (amateur OpFi)
  2854 | D:4      | Killed dscm's ghost
  2861 | D:4      | Gained mutation: You can translocate small distances at will. [Jiyva's grace]
  3001 | D:4      | Found a staircase to the Ecumenical Temple.
  3106 | D:4      | Found a glowing golden altar of the Shining One.
  3222 | D:5      | Entered Level 5 of the Dungeon
  3290 | D:5      | Noticed Grinder
  3294 | D:5      | Killed Grinder
  3294 | D:5      | Reached skill level 5 in Fighting
  3294 | D:5      | Reached XP level 6. HP: 66/66 MP: 6/6
  3303 | D:5      | Found Metick's General Store.
  3309 | D:5      | Bought a scroll of blinking for 97 gold pieces
  3518 | D:5      | Found an iron altar of Okawaru.
  3521 | D:5      | Found a snail-covered altar of Cheibriados.
  3524 | D:5      | Found a bloodstained altar of Trog.
  3527 | D:5      | Found a glowing silver altar of Zin.
  4001 | D:6      | Noticed an orc warrior
  4091 | D:6      | Found a sparkling altar of Nemelex Xobeh.
  4142 | D:6      | Reached ***** piety under Jiyva
  4154 | D:6      | Killed a water moccasin
  4155 | D:6      | Gained mutation: You are covered in fur. (AC +1) [Jiyva's grace]
  4512 | D:6      | Gained mutation: You have a somewhat thin skeletal structure. (Dex +2, Stealth) [Jiyva's grace]
  4642 | D:6      | Killed a phantom
  4764 | D:6      | Found a runed door.
  4848 | D:6      | Killed an orc warrior
  5304 | D:6      | Noticed Crazy Yiuf
  5313 | D:6      | Killed Crazy Yiuf
  5547 | D:7      | Reached skill level 6 in Fighting
  5547 | D:7      | Reached XP level 7. HP: 72/75 MP: 7/7
  6556 | D:6      | Gained mutation: You have acidic saliva. [Jiyva's grace]
  6595 | D:7      | Noticed a slime creature
  6595 | D:7      | an ogre changed into a slime creature
  7194 | D:8      | Reached skill level 7 in Fighting
  7498 | D:8      | Noticed a vampire
  7853 | D:8      | Found a sacrificial altar of Ru.
  7915 | D:8      | Slimified a vampire
  7915 | D:8      | Noticed a death ooze
  7915 | D:8      | a vampire changed into a death ooze
  8060 | D:8      | Found a deep blue altar of Sif Muna.
  8193 | D:9      | Reached XP level 8. HP: 84/88 MP: 8/8
  8216 | D:9      | Noticed a yak
  8217 | D:9      | Noticed a yak
  8236 | D:9      | Slimified a yak
  8236 | D:9      | Noticed a slime creature
  8236 | D:9      | a yak changed into a slime creature
  8292 | D:9      | Killed a yak
  8333 | D:9      | Lost mutation: You have a somewhat thin skeletal structure. (Dex +2, Stealth) [Jiyva's grace]
  8340 | D:9      | Killed a yak
  8381 | D:9      | Noticed a two-headed ogre
  8520 | D:9      | Noticed a slime creature
  8520 | D:9      | a water moccasin changed into a slime creature
  8526 | D:9      | Reached skill level 8 in Fighting
  8568 | D:9      | Gained mutation: You have a pair of small antennae on your head. [Jiyva's grace]
  8828 | D:9      | Noticed a yak
  8884 | D:9      | Found a staircase to the Lair.
  9034 | D:9      | Lost mutation: You have a pair of small antennae on your head. [Jiyva's grace]
  9066 | D:9      | Killed a yak
  9107 | D:9      | Noticed a hippogriff
  9112 | D:9      | Killed a hippogriff
  9130 | D:9      | Found an opulent altar of Gozag.
  9156 | D:9      | Found a radiant altar of Vehumet.
  9202 | D:9      | Reached skill level 9 in Fighting
  9434 | D:9      | Killed a slime creature
  9538 | D:10     | Entered Level 10 of the Dungeon
  9868 | D:9      | Killed a two-headed ogre
 10193 | D:10     | Gained mutation: You are partially covered in yellow scales. (AC +2) [Jiyva's grace]
 10399 | D:10     | Reached skill level 10 in Fighting
 10399 | D:10     | Reached XP level 9. HP: 51/102 MP: 9/9
 11159 | D:11     | Noticed Sonja
 11229 | Lair:1   | Entered Level 1 of the Lair of Beasts
 12099 | Lair:1   | Lost mutation: You have very sharp teeth. [Jiyva's grace]
 12254 | Lair:1   | Reached skill level 11 in Fighting
 12420 | Lair:1   | Killed a spiny frog
 13905 | Lair:1   | Reached XP level 10. HP: 38/115 MP: 10/10
 14178 | Lair:2   | Noticed a five-headed hydra
 14191 | Lair:2   | Noticed an elephant
 14191 | Lair:2   | Noticed an elephant
 14191 | Lair:2   | Noticed an elephant
 14192 | Lair:2   | Noticed an elephant
 14399 | Lair:2   | Noticed a spiny frog
 14413 | Lair:2   | Noticed a black mamba
 14453 | Lair:2   | HP: 5/172 [black mamba (5)]
 14455 | Lair:2   | HP: 2/172 [poisoned by a black mamba]
 14456 | Lair:2   | Succumbed to a black mamba's poison

Skill      XL: |  1  2  3  4  5  6  7  8  9 |
---------------+----------------------------+-----
Maces & Flails | 3 4 5 6 7 8 9 |  9.5
Fighting       | 5 6 7 10 11 | 11.6
Dodging        | 4 |  4.8
Stealth        | |  1.4

Action                   |  1- 3 |  4- 6 |  7- 9 | 10-12 || total
-------------------------+-------+-------+-------+-------++-------
Melee: Mace              |   106 |   246 |   394 |    31 ||   777
       Bite              |       |    16 |    64 |       ||    80
Invok: Request Jelly     |       |    15 |     4 |       ||    19
       Slimify           |       |     1 |     8 |       ||     9
  Use: Potion            |     1 |       |    11 |     9 ||    21
       Scroll            |       |       |     8 |       ||     8
 Stab: Sleeping          |     2 |    10 |     4 |       ||    16
       Distracted        |       |     1 |     1 |       ||     2
       Invisible         |       |       |       |    12 ||    12
  Eat: Chunk             |     1 |     3 |     1 |       ||     5
Armor: Robe              |    42 |    70 |   141 |     4 ||   257
       Skin              |       |       |       |    26 ||    26
Dodge: Dodged            |    71 |   137 |   239 |    11 ||   458
